[Event "*** Titled Tuesday Blitz"]
[Site "Chess.com"]
[Date "2021.03.09"]
[Round "2"]
[White "Pelopidass"]
[Black "kubal123"]
[Result "1-0"]
[WhiteElo "2572"]
[BlackElo "2283"]
[TimeControl "180+1"]
[EndTime "10:18:00 PST"]
[Termination "Pelopidass won by resignation"]

1. e4 c5 2. Nf3 e6 3. b3 b6 4. Bb2 Bb7 5. Nc3 Nc6 6. Bd3 Nf6 7.
O-O Be7 8. e5 Nd5 9. Nxd5 exd5 10. Bf5 O-O 11. d4 cxd4 12. Nxd4 Nxe5 13. Bxh7+ Kxh7 14. Qh5+ Kg8 15. Qxe5 Bf6 16. Qf5 Rc8 17. Rad1 Re8 18. Rfe1 Qc7 19. Rxe8+ Rxe8 20. Nb5 Qc6 21. Bxf6 Qxf6 22. Qxf6 gxf6 23. Nd6 Rb8 24. Nxb7 Rxb7 25.
Rxd5 Kf8 26. h4 Rc7 27. c4 Ke7 28. g4 Ke6 29. Kg2 Rc8 30. h5 Rg8 31. f3 a6 32.
a4 d6 33. Kg3 Kd7 34. Kf4 Kc6 35. Kf5 Rg5+ 36. Kxf6 Rxd5 37. cxd5+ Kxd5 38. h6 1-0

[Event "*** Titled Tuesday Blitz"]
[Site "Chess.com"]
[Date "2021.03.09"]
[Round "2"]
[White "bakki78"]
[Black "ChronicUnhappiness"]
[Result "1-0"]
[WhiteElo "2774"]
[BlackElo "2348"]
[TimeControl "180+1"]
[EndTime "10:18:00 PST"]
[Termination "bakki78 won on time"]

1. e4 c5 2. c3 Nf6 3. e5 Nd5 4. Na3 d6 5. exd6 exd6 6. d4 Be7 7. Nf3 O-O 8. Be2 Nc6 9. O-O Bg4 10. Nc2 Re8 11. a3 h6 12. c4 Nf6 13. d5 Bxf3 14.
Bxf3 Ne5 15. Be2 Nfd7 16. Ne3 Ng6 17. Nf5 Qc7 18. g3 Bf6 19. Rb1 a5 20. h4 Ne7 21.
Ne3 Bd4 22. Ng4 h5 23. Nh2 g6 24. Nf3 Bg7 25. Ng5 Nf5 26. Bd3 Nd4 27. Kg2 Ne5 28. Be3 Ng4 29. Bd2 Re7 30. Qa4 b6 31. Rbe1 Ra7 32. Rxe7 Qxe7 33. Re1 Ne5 34. Bf1 Qf6 35. f4 1-0

[Event "*** Titled Tuesday Blitz"]
[Site "Chess.com"]
[Date "2021.03.09"]
[Round "2"]
[White "Gennady_Kozlov"]
[Black "Andrakhanova"]
[Result "0-1"]
[WhiteElo "2452"]
[BlackElo "2281"]
[TimeControl "180+1"]
[EndTime "10:18:00 PST"]
[Termination "Andrakhanova won by resignation"]

1. b3 d5 2. Bb2 c6 3. e3 Nf6 4. f4 g6 5. Nf3 Bg7 6. Be2 Nbd7 7. O-O Qc7 8. a4 b6 9. Ne5 a5 10. Nxd7 Bxd7 11. Be5 Qb7 12. Bf3 O-O 13.
Nc3 Bf5 14. g4 Be4 15. Bxf6 Bxf3 16. Qxf3 Bxf6 17. d4 e6 18. g5 Bg7 19. h4 f6 20. Qg4 Rae8 21. h5 Qf7 22. h6 Bh8 23. Ne2 fxg5 24. fxg5 Qe7 25. Nf4 e5 26. Nd3 exd4 27.
exd4 Qe3+ 28. Kh1 Bxd4 29. Nf4 Bxa1 30. Kg2 Qe4+ 31. Rf3 Qxc2+ 32. Rf2 Qe4+ 33. Rf3 Be5 0-1

[Event "*** Titled Tuesday Blitz"]
[Site "Chess.com"]
[Date "2021.03.09"]
[Round "2"]
[White "MasterKroket"]
[Black "pirulillo"]
[Result "1-0"]
[WhiteElo "2471"]
[BlackElo "2251"]
[TimeControl "180+1"]
[EndTime "10:18:01 PST"]
[Termination "MasterKroket won by resignation"]

1. d4 Nf6 2. c4 g6 3. Nc3 Bg7 4. e4 d6 5. h3 O-O 6. Bg5 c5 7.
d5 b5 8. cxb5 a6 9. a4 Bd7 10.
Nf3 Qa5 11. Bd2 axb5 12. Nxb5 Qd8 13. Qc2 Na6 14. Bd3 Nc7 15. Nxc7 Qxc7 16. O-O Rfb8 17. Bc3 Bc8 18. Nd2 Ba6 19. Rfb1 Nd7 20. Bxg7 Kxg7 21.
Bxa6 Rxa6 22. b4 Qd8 23. b5 Raa8 24. Nc4 Nb6 25. Qc3+ f6 26. Nb2 Nd7 27. Nd3 Qa5 28.
Qc1 Nb6 29. Nf4 Nxa4 30. Ne6+ Kf7 31. Qh6 Ke8 32. Qxh7 Kd7 33. Qxg6 Rxb5 34. Qf5 Ke8 35.
Rxb5 Qxb5 36. Nc7+ Kf7 37. Nxb5 1-0

[Event "*** Titled Tuesday Blitz"]
[Site "Chess.com"]
[Date "2021.03.09"]
[Round "2"]
[White "Manukyan_Artak"]
[Black "DonBroca"]
[Result "1-0"]
[WhiteElo "2410"]
[BlackElo "2156"]
[TimeControl "180+1"]
[EndTime "10:18:01 PST"]
[Termination "Manukyan_Artak won by resignation"]

1. e4 c5 2. Nf3 d6 3. Bb5+ Nd7 4. O-O g6 5. c3 Bg7 6. Re1 e6 7. d4 Ne7 8. Bf4 a6 9. Bf1 e5 10. dxe5 Nxe5 11. Nxe5 Bxe5 12. Bxe5 dxe5 13. Qxd8+ Kxd8 14. Nd2 Kc7 15. a4 Rd8 16. Nb3 Kb6 17. a5+ Kc6 18. Bc4 f6 19. Red1 Bd7 20. f3 Nc8 21. Bd5+ Kb5 22.
Bxb7 Rb8 23. Bxa6+ Kxa6 24. Nxc5+ Ka7 25. b4 Ne7 26. Nxd7 Rbc8 27. Nc5 Nc6 28. Kf2 Rxd1 29. Rxd1 1-0

[Event "*** Titled Tuesday Blitz"]
[Site "Chess.com"]
[Date "2021.03.09"]
[Round "2"]
[White "cukin84"]
[Black "MrrRefrao"]
[Result "0-1"]
[WhiteElo "2110"]
[BlackElo "2404"]
[TimeControl "180+1"]
[EndTime "10:18:01 PST"]
[Termination "MrrRefrao won by resignation"]

1. e4 c5 2. Nc3 d6 3. f4 g6 4. Nf3 Bg7 5. g3 Nc6 6. Bg2 e6 7. O-O Nge7 8. d3 O-O 9. Qe1 b6 10. h3 Qd7 11. g4 f5 12. exf5 exf5 13. Ng5 h6 14. Nf3 fxg4 15. Nd2 gxh3 16. Be4 d5 17. Bh1 Nd4 18. Qd1 Bb7 19. Nf3 Nef5 20. Kh2 Rae8 21. Rg1 Qd6 22. Qf1 Nxc2 23. Bd2 Nxa1 24. Qxa1 Ne3 25.
Kxh3 Qxf4 26. Qe1 Bc8+ 0-1

[Event "*** Titled Tuesday Blitz"]
[Site "Chess.com"]
[Date "2021.03.09"]
[Round "2"]
[White "rpragchess"]
[Black "SlavenPastar"]
[Result "1-0"]
[WhiteElo "2909"]
[BlackElo "2563"]
[TimeControl "180+1"]
[EndTime "10:18:03 PST"]
[Termination "rpragchess won on time"]

1. c4 b6 2. d4 Bb7 3. Nc3 e6 4.
a3 Nf6 5. d5 exd5 6. cxd5 Bd6 7. Nf3 O-O 8. g3 Re8 9. Bg2 Bf8 10. O-O d6 11. Nd4 Qd7 12. Bg5 Be7 13. Qd2 a5 14.
Rab1 Ng4 15. Bh3 h5 16. f3 Bxg5 17. Qxg5 Re5 18. Qf4 c5 19. Ndb5 1-0

[Event "*** Titled Tuesday Blitz"]
[Site "Chess.com"]
[Date "2021.03.09"]
[Round "2"]
[White "sofaceindisguise"]
[Black "Michaelson_11"]
[Result "1-0"]
[WhiteElo "2581"]
[BlackElo "2284"]
[TimeControl "180+1"]
[EndTime "10:18:03 PST"]
[Termination "sofaceindisguise won by checkmate"]

1. e4 e6 2. d4 d5 3. Nc3 Bb4 4. e5 c5 5. Bd2 Nc6 6. Nb5 Qa5 7.
Nd6+ Ke7 8. c3 cxd4 9. cxb4 Qb6 10.
f4 f6 11. Nf3 Nh6 12. Bd3 Ng4 13. O-O fxe5 14. fxe5 Ncxe5 15. Nxe5 Nxe5 16. Nxc8+ Raxc8 17. Bf4 Nf7 18. Qd2 e5 19. Rae1 Kd6 20. Bxe5+ Nxe5 21. Rxe5 Kxe5 22. Qf4+ Ke6 23. Re1+ Kd7 24. Qf7+ Kc6 25.
Re6# 1-0

[Event "*** Titled Tuesday Blitz"]
[Site "Chess.com"]
[Date "2021.03.09"]
[Round "2"]
[White "LionChessClub"]
[Black "Etud-otradnoe"]
[Result "1-0"]
[WhiteElo "2603"]
[BlackElo "2316"]
[TimeControl "180+1"]
[EndTime "10:18:03 PST"]
[Termination "LionChessClub won on time"]

1. e4 e6 2. d4 d5 3. Nd2 Nf6 4. e5 Nfd7 5. Bd3 c5 6. c3 b6 7. f4 Ba6 8. Bxa6 Nxa6 9. Ngf3 Nc7 10. O-O f5 11. exf6 Nxf6 12. Re1 Bd6 13. f5 O-O 14. fxe6 Re8 15. Ne5 Nxe6 16. Ndf3 Ne4 17. Qb3 c4 18. Qc2 Qc7 19. Rxe4 dxe4 20. Qxe4 Rad8 21. Bd2 Kh8 22.
Rf1 Nc5 23. Qh4 Nd3 24. Ng5 h6 25. Ngf7+ Kh7 26. Ng5+ Kh8 27. Ngf7+ Kh7 28. Nxd8 Nxe5 29. dxe5 Bc5+ 30. Kh1 Qxd8 31. Qe4+ Kh8 32. Bf4 1-0

[Event "*** Titled Tuesday Blitz"]
[Site "Chess.com"]
[Date "2021.03.09"]
[Round "2"]
[White "szachuspl"]
[Black "seorobert1971"]
[Result "0-1"]
[WhiteElo "2499"]
[BlackElo "2725"]
[TimeControl "180+1"]
[EndTime "10:18:04 PST"]
[Termination "seorobert1971 won by resignation"]

1. d4 Nf6 2. c4 g6 3. Nc3 d5 4.
Nf3 Bg7 5. h4 dxc4 6. e4 Bg4 7.
Bxc4 O-O 8. Be3 Nc6 9. Be2 Nd7 10. O-O Bxf3 11. Bxf3 e5 12. d5 Nd4 13. g3 c6 14.
dxc6 bxc6 15. Bg2 Rb8 16. b3 Nc5 17. Rc1 Nce6 18. Ne2 Qd6 19. Nxd4 exd4 20. Bd2 c5 21. Qc2 Qa6 22. Bh3 d3 23. Qb1 Nd4 24. Bg4 Ne2+ 25.
Bxe2 dxe2 26. Rfe1 Bd4 27. Bf4 Rbe8 28. Qc2 Qe6 29. Rxe2 Qh3 30. Qd1 Re6 31. Qf1 Qg4 32.
Kg2 Ra6 33. f3 Qe6 34. Rcc2 Rd8 35. Be3 Rad6 36. Bxd4 cxd4 37. Red2 d3 38. Rc3 Qd7 39. Qf2 Rd4 40. Qe3 a5 41. h5 Kg7 42. hxg6 hxg6 43.
g4 a4 44. bxa4 Qxa4 45. a3 R8d7 46. Rdxd3 Rxd3 47. Qxd3 Rxd3 0-1

[Event "*** Titled Tuesday Blitz"]
[Site "Chess.com"]
[Date "2021.03.09"]
[Round "2"]
[White "kekic76"]
[Black "FGHSMN"]
[Result "1/2-1/2"]
[WhiteElo "2351"]
[BlackElo "2700"]
[TimeControl "180+1"]
[EndTime "10:18:04 PST"]
[Termination "Game drawn by repetition"]

1. e4 c5 2. Nf3 e6 3. d4 cxd4 4. Nxd4 a6 5. c4 Nf6 6. Bd3 Qc7 7. O-O Nc6 8. Nxc6 bxc6 9. f4 d5 10. e5 Nd7 11. Nc3 Be7 12. Be3 Bb7 13. Rc1 c5 14. Bf2 Nb6 15. cxd5 exd5 16. Bb1 O-O 17. Qh5 g6 18. Qh6 Rad8 19. Bh4 Bxh4 20. Qxh4 d4 21. Ne4 Bxe4 22. Bxe4 d3 23. Rf3 d2 24. Rd1 c4 25.
Rh3 h5 26. Qf6 Nd5 27. Bxd5 Rxd5 28. Rxh5 Qc5+ 29. Kf1 gxh5 30. Qg5+ Kh7 31. Qxh5+ Kg7 32. Qg5+ Kh7 33. Qh5+ Kg7 34. Qg5+ Kh7 35. Qh5+ 1/2-1/2

[Event "*** Titled Tuesday Blitz"]
[Site "Chess.com"]
[Date "2021.03.09"]
[Round "2"]
[White "Hikaru"]
[Black "francyIM"]
[Result "1-0"]
[WhiteElo "3172"]
[BlackElo "2595"]
[TimeControl "180+1"]
[EndTime "10:18:05 PST"]
[Termination "Hikaru won by resignation"]

1. Nf3 d5 2. e3 e6 3. c4 Nf6 4. Nc3 b6 5. d4 Bb7 6. cxd5 exd5 7.
Ne5 Bd6 8. Bd3 O-O 9. O-O c5 10.
f4 Nc6 11. Ne2 Ne4 12. Bd2 f6 13. Bxe4 Bxe5 14. fxe5 dxe4 15. exf6 Rxf6 16. Rxf6 Qxf6 17. dxc5 Rd8 18. Qc2 bxc5 19. Bc3 Qe7 20. Qb3+ Kh8 21.
Nf4 Rd7 22. Ne6 h6 23. Nxg7 Kh7 24. Nh5 Nd4 25. exd4 cxd4 26. Bb4 Qe5 27. Qh3 Rf7 28. Rf1 Rxf1+ 29. Kxf1 Qb5+ 30. Kg1 Qxb4 31. Qf5+ Kg8 32. Qg6+ Kf8 33. Qg7+ Ke8 34. Nf6+ 1-0

[Event "*** Titled Tuesday Blitz"]
[Site "Chess.com"]
[Date "2021.03.09"]
[Round "2"]
[White "esapunov"]
[Black "KingCyber19"]
[Result "1-0"]
[WhiteElo "2755"]
[BlackElo "2510"]
[TimeControl "180+1"]
[EndTime "10:18:05 PST"]
[Termination "esapunov won by checkmate"]

1. c4 c5 2. Nf3 Nf6 3. Nc3 Nc6 4. e3 e5 5. d4 exd4 6. exd4 d5 7. dxc5 d4 8. Na4 Be6 9. a3 Be7 10. Bd3 O-O 11. h3 Re8 12. O-O h6 13. b4 a6 14. Re1 Qc7 15. Nb6 Rad8 16. Ra2 a5 17. Bd2 Nb8 18. Ne5 Na6 19. Rb2 Bf8 20. Bf4 Qe7 21. Bh2 g6 22. Qb3 Bg7 23. Rbe2 Qf8 24. Nxg6 fxg6 25. Rxe6 Rxe6 26. Rxe6 Nh5 27. Nd5 g5 28.
Qd1 Qf7 29. Qe2 Nf4 30. Bxf4 gxf4 31. Bg6 Qf8 32. Qg4 axb4 33. axb4 Kh8 34. Bd3 Qf7 35. Re7 Qf8 36. Qg6 Rxd5 37. Qh7# 1-0

[Event "*** Titled Tuesday Blitz"]
[Site "Chess.com"]
[Date "2021.03.09"]
[Round "2"]
[White "tjychess"]
[Black "Philosopherrr"]
[Result "0-1"]
[WhiteElo "2672"]
[BlackElo "2499"]
[TimeControl "180+1"]
[EndTime "10:18:05 PST"]
[Termination "Philosopherrr won by resignation"]

1. d4 Nf6 2. c4 e6 3. Nf3 c5 4. d5 exd5 5. cxd5 d6 6. Nc3 g6 7. e4 a6 8. a4 Bg4 9. Qb3 Bxf3 10. Qxb7 Nxe4 11. Qxa8 Nxc3 12. bxc3 Bg7 13. Kd2 Qg5+ 14. Kc2 Be4+ 15. Bd3 Bxd3+ 16. Kxd3 Qf5+ 17. Kc4 O-O 18. Re1 Qc2 19. Ra3 Nd7 20. Qxa6 Ne5+ 21. Rxe5 Bxe5 22. Kb5 Qxc1 23. Rb3 Rb8+ 24. Kc6 Rxb3 0-1

[Event "*** Titled Tuesday Blitz"]
[Site "Chess.com"]
[Date "2021.03.09"]
[Round "2"]
[White "horripile"]
[Black "Agoking701"]
[Result "1-0"]
[WhiteElo "2709"]
[BlackElo "2344"]
[TimeControl "180+1"]
[EndTime "10:18:05 PST"]
[Termination "horripile won by resignation"]

1. e4 e5 2. Nf3 Nc6 3. Bb5 Bc5 4. c3 a6 5. Bxc6 dxc6 6. Nxe5 Qe7 7. d4 Bd6 8. O-O Bxe5 9. dxe5 Qxe5 10. Qd4 Qxd4 11. cxd4 Nf6 12. f3 Be6 13. Bg5 O-O-O 14. Rd1 Rd7 15. Nc3 h6 16. Bxf6 gxf6 17. Kf2 f5 18.
Ke3 fxe4 19. Nxe4 Rhd8 20. Rd2 Bd5 21. Nc3 Be6 22. Rad1 a5 23. b3 b5 24. Ne4 Bf5 25.
Nc5 Rd5 26. g4 Bg6 27. h4 h5 28. a3 Rh8 29. g5 Re8+ 30. Kf2 Rf5 31. b4 a4 32. Rc1 Rf4 33. Kg3 Rf5 34. Rc3 Re1 35. Nd3 Rf1 36. Ne5 Rg1+ 37. Kh2 Rf1 38. Kg2 Ra1 39.
Nxc6 Rf4 40. Kg3 1-0

[Event "*** Titled Tuesday Blitz"]
[Site "Chess.com"]
[Date "2021.03.09"]
[Round "2"]
[White "CroissantNeuf"]
[Black "dodorox"]
[Result "1-0"]
[WhiteElo "2501"]
[BlackElo "2128"]
[TimeControl "180+1"]
[EndTime "10:18:06 PST"]
[Termination "CroissantNeuf won by resignation"]

1. e4 e6 2. d4 d5 3. Nc3 Nf6 4. e5 Nfd7 5. f4 c5 6. Nf3 Nc6 7. Be3 a6 8. Be2 b5 9. a3 Qb6 10. dxc5 Bxc5 11. Bxc5 Nxc5 12. Qd2 b4 13. axb4 Qxb4 14.
O-O O-O 15. b3 d4 16. Na4 Qxd2 17. Nxd2 Nd7 18. Bf3 Bb7 19. Nc4 Rab8 20. Rfd1 Nb4 21. Bxb7 Rxb7 22. Rac1 Na2 23. Rb1 Nb4 24. Rd2 Rc8 25.
Rbd1 h6 26. Nd6 Rbc7 27. Nxc8 Rxc8 28. Rxd4 Nxc2 29. Rxd7 1-0

[Event "*** Titled Tuesday Blitz"]
[Site "Chess.com"]
[Date "2021.03.09"]
[Round "2"]
[White "Dave_ChessMate"]
[Black "Zmof"]
[Result "1-0"]
[WhiteElo "2408"]
[BlackElo "2149"]
[TimeControl "180+1"]
[EndTime "10:18:06 PST"]
[Termination "Dave_ChessMate won by checkmate"]

1. e4 c5 2. Nc3 a6 3. g3 b5 4. Bg2 Bb7 5. d3 e6 6. Be3 d5 7.
exd5 exd5 8. d4 c4 9. Nf3 Nf6 10. O-O Be7 11. Ne5 O-O 12. Bg5 h6 13. Bxf6 Bxf6 14. Qh5 Qd6 15. Ng4 Bxd4 16. Nxd5 Bxd5 17. Bxd5 Ra7 18. Rad1 Qb6 19. c3 Bc5 20. Qf5 Nc6 21. Nxh6+ gxh6 22. Qg6+ Kh8 23. Qxh6+ Kg8 24. Bxc6 Rc8 25.
Qg5+ Kf8 26. Be4 Re7 27. Bh7 Re2 28. Qg8+ Ke7 29. Qxc8 Bxf2+ 30. Kh1 Qe3 31. Qd8+ Ke6 32. Qd6# 1-0

[Event "*** Titled Tuesday Blitz"]
[Site "Chess.com"]
[Date "2021.03.09"]
[Round "2"]
[White "AurumO"]
[Black "Oglob71"]
[Result "0-1"]
[WhiteElo "1975"]
[BlackElo "2376"]
[TimeControl "180+1"]
[EndTime "10:18:06 PST"]
[Termination "Oglob71 won on time"]

1. e4 c5 2. c3 e6 3. d4 d5 4. exd5 exd5 5. Bd3 Nc6 6. Nf3 Bg4 7. Be3 cxd4 8.
cxd4 Qb6 9. O-O Qxb2 10. Nbd2 Qa3 11. Qe2 Be7 12. h3 Bh5 13. Bb5 Nf6 14. Bg5 O-O 15. Qe3 Qxe3 16. Bxe3 Nb4 17. Ne5 Rac8 18. Ndf3 Nc2 19. Rac1 Nxe3 20. fxe3 a6 21. Ba4 Ba3 22. Rxc8 Rxc8 23. Bb3 Bg6 24. Nxg6 hxg6 25. Ne5 Bd6 26. Ng4 Nxg4 27. hxg4 Rd8 28. Kh1 Be7 29. Re1 Bh4 30. Re2 Bg3 31. Kg1 Kf8 32. Kf1 Ke7 33. e4 dxe4 34.
Rxe4+ Kf8 35. Ke2 Bh4 36. Kf3 Bf6 37. d5 g5 38. Re2 g6 39. Rc2 Rd7 40. Rc8+ Ke7 41. Rb8 Kd6 42. Rf8 Be5 43. Rg8 Kc5 44. Rc8+ Kd4 0-1

[Event "*** Titled Tuesday Blitz"]
[Site "Chess.com"]
[Date "2021.03.09"]
[Round "2"]
[White "LubovMarkelova"]
[Black "eCztery"]
[Result "1-0"]
[WhiteElo "2240"]
[BlackElo "2439"]
[TimeControl "180+1"]
[EndTime "10:18:07 PST"]
[Termination "LubovMarkelova won by resignation"]

1. Nf3 g6 2. d4 Bg7 3. c4 Nf6 4. Nc3 d5 5. cxd5 Nxd5 6. e4 Nxc3 7. bxc3 c5 8. Be3 cxd4 9. cxd4 Qa5+ 10. Qd2 Qxd2+ 11.
Nxd2 Nc6 12. e5 O-O 13. Bb5 Rd8 14. Nf3 Bg4 15. Bxc6 bxc6 16. Rc1 Rab8 17. O-O Rb2 18. Rxc6 Rxa2 19. Rc7 Bxf3 20. gxf3 e6 21. Rb1 a5 22. Rbb7 Rf8 23. f4 a4 24. d5 exd5 25.
Bc5 a3 26. e6 Ra1+ 27. Kg2 a2 28. Ra7 Rb8 29. Rxf7 Bc3 30. Rfd7 Re8 31. e7 d4 32. Rd8 Kf7 33. Rxe8 Kxe8 34. Ra8+ 1-0

[Event "*** Titled Tuesday Blitz"]
[Site "Chess.com"]
[Date "2021.03.09"]
[Round "2"]
[White "Eltaj_Safarli"]
[Black "guillembaches"]
[Result "1-0"]
[WhiteElo "2894"]
[BlackElo "2457"]
[TimeControl "180+1"]
[EndTime "10:18:08 PST"]
[Termination "Eltaj_Safarli won on time"]

1. e4 c5 2. Nc3 d6 3. Bb5+ Bd7 4. Bxd7+ Qxd7 5. d4 cxd4 6. Qxd4 Nc6 7. Qd3 Nf6 8.
Bg5 Qg4 9. Nf3 Qxg2 10. Rg1 Qh3 11. O-O-O Qd7 12. Nd5 h6 13. Bxf6 gxf6 14. Nd4 Ne5 15. Qb3 h5 16. Nb5 Bh6+ 17. Kb1 Kf8 18. f4 Ng4 19. Rg2 e6 20. h3 exd5 21. hxg4 hxg4 22. Rxd5 Bxf4 23. a3 g3 24. Rf5 Be5 25. Rxg3 Bxg3 26.
Qxg3 Qe6 27. b3 Qxe4 28. Qxd6+ Kg8 29. Qxf6 Rh1+ 30. Kb2 Qe6 31. Rg5+ Kf8 32. Qg7+ Ke7 33. Re5 1-0

[Event "*** Titled Tuesday Blitz"]
[Site "Chess.com"]
[Date "2021.03.09"]
[Round "2"]
[White "Shubinkirill2003"]
[Black "Isajevsky_Anton"]
[Result "1-0"]
[WhiteElo "2680"]
[BlackElo "2463"]
[TimeControl "180+1"]
[EndTime "10:18:09 PST"]
[Termination "Shubinkirill2003 won by resignation"]

1. e4 c5 2. Nf3 d6 3. Bb5+ Nd7 4.
Ba4 Nf6 5. O-O a6 6. c4 g6 7. d3 Bg7 8. h3 O-O 9. Nc3 b6 10. Bf4 Bb7 11. Qd2 Nb8 12. Bh6 Nc6 13. Bxg7 Kxg7 14. Rab1 Nd7 15. Bxc6 Bxc6 16. b4 a5 17. bxc5 bxc5 18. Rb2 a4 19. Rfb1 Qa5 20. d4 cxd4 21. Qxd4+ Kg8 22. Nd5 Bxd5 23. exd5 Rfb8 24. Qh4 Rxb2 25. Rxb2 Nf6 26. Rb7 Ra7 27. Rb8+ Kg7 28. Nd4 Qe1+ 29. Kh2 Qe5+ 30. g3 Rc7 31. Nc6 Qe2 32.
Qf4 Qxa2 33. Nd4 Qxc4 34. Nf5+ 1-0

[Event "*** Titled Tuesday Blitz"]
[Site "Chess.com"]
[Date "2021.03.09"]
[Round "2"]
[White "MuhittinBuker"]
[Black "ParvizGasimov"]
[Result "0-1"]
[WhiteElo "2143"]
[BlackElo "2408"]
[TimeControl "180+1"]
[EndTime "10:18:10 PST"]
[Termination "ParvizGasimov won by resignation"]

1. d4 Nf6 2. c4 g6 3. Nc3 d5 4. cxd5 Nxd5 5. e4 Nxc3 6. bxc3 Bg7 7. Bc4 c5 8. Ne2 Nc6 9. Be3 O-O 10. O-O Bd7 11.
Rb1 Qc7 12. Rc1 Rac8 13. d5 Ne5 14. Bb3 b5 15. c4 Qa5 16. Kh1 bxc4 17. Bxc4 Nxc4 18.
Rxc4 Bb5 19. Rc2 Ba4 20. Qd2 Qa6 21. Rcc1 Bb5 22. Rfe1 Bc4 23. Nc3 Bd3 24. f3 c4 25.
Bh6 Bxh6 26. Qxh6 Rb8 27. f4 Rb2 28. Re3 Qf6 29. Rh3 Qg7 30. Qg5 Qxc3 0-1

[Event "*** Titled Tuesday Blitz"]
[Site "Chess.com"]
[Date "2021.03.09"]
[Round "2"]
[White "SantoBlue"]
[Black "aa175"]
[Result "0-1"]
[WhiteElo "2843"]
[BlackElo "2556"]
[TimeControl "180+1"]
[EndTime "10:18:11 PST"]
[Termination "aa175 won by resignation"]

1. e4 c5 2. Nf3 d6 3. d4 cxd4 4. Nxd4 Nf6 5. Nc3 a6 6. a3 e6 7. g4 h6 8. h4 b5 9. Rg1 g5 10. hxg5 hxg5 11. Bxg5 Be7 12. Be3 Bb7 13. Bg2 Nbd7 14. g5 Ng8 15. g6 Ne5 16. gxf7+ Kxf7 17. Qe2 Nf6 18. O-O-O Nc4 19. e5 dxe5 20. Bxb7 exd4 21.
Bxd4 Bxa3 22. bxa3 Qe7 23. Nb1 Qxb7 24. Qg4 Nxg4 25. Rxg4 e5 26. Bc3 Qf3 27. Rgg1 Rhg8 28. Rh1 Rad8 29. Rde1 Qf4+ 30. Nd2 Rxd2 31. Bxd2 Qxd2+ 32. Kb1 Qc3 0-1

[Event "*** Titled Tuesday Blitz"]
[Site "Chess.com"]
[Date "2021.03.09"]
[Round "2"]
[White "Fortitudine"]
[Black "juancruzarias"]
[Result "0-1"]
[WhiteElo "2308"]
[BlackElo "2582"]
[TimeControl "180+1"]
[EndTime "10:18:11 PST"]
[Termination "juancruzarias won by resignation"]

1. c4 e5 2. g3 Nc6 3. Bg2 g6 4. Nc3 Bg7 5. e4 d6 6. d3 f5 7. Nge2 Nh6 8. O-O O-O 9. Nd5 Nb8 10. d4 c6 11. Ndc3 Nd7 12. dxe5 Nxe5 13. b3 fxe4 14. Ba3 Nf3+ 15. Kh1 c5 16. Nxe4 Bg4 17. Qd5+ Kh8 18. Nf4 Rxf4 19. gxf4 Qh4 20. h3 Bxh3 21. Bxf3 Be6+ 22.
Kg1 Bxd5 23. cxd5 Rf8 24. Nxd6 Rxf4 25. Bg2 Ng4 26. Rfe1 0-1

[Event "*** Titled Tuesday Blitz"]
[Site "Chess.com"]
[Date "2021.03.09"]
[Round "2"]
[White "fm_magua"]
[Black "elegant285"]
[Result "1-0"]
[WhiteElo "2578"]
[BlackElo "2288"]
[TimeControl "180+1"]
[EndTime "10:18:12 PST"]
[Termination "fm_magua won by resignation"]

1. e4 c5 2. Nf3 d6 3. d4 cxd4 4. Nxd4 Nf6 5. Nc3 a6 6. Bc4 e6 7. Bb3 Nbd7 8. O-O Nc5 9. Bg5 Be7 10. Qe1 h6 11. Bh4 g5 12. Bg3 e5 13. Nf5 Bxf5 14. exf5 Nxb3 15. axb3 Qd7 16. Na4 Qxf5 17. Nb6 Rd8 18.
Qe2 O-O 19. Ra5 Qe4 20. Qd2 Qc6 21. Nd5 Nxd5 22. Rxd5 Rc8 23. c4 b5 24. Rc1 Qb6 25.
h4 gxh4 26. Qxh6 hxg3 27. Rd3 Qxf2+ 28. Kh1 Bf6 29. Rf3 Bg7 30. Qg5 Qd4 31. Rxg3 e4 32.
Rf1 Rc5 33. Qh6 Qe5 34. Rf4 Qh5+ 35. Qxh5 Rxh5+ 36. Kg1 Re8 37. Rfg4 Rh7 38. Kf2 Kf8 39.
Ke3 Bh6+ 40. Ke2 e3 41. cxb5 axb5 42. Rb4 Rc8 43. Rxb5 Rc2+ 44. Kd3 e2 45. Rb8+ Ke7 46. Rb7+ Ke6 47. Rg8 Rd2+ 48. Kc3 Bg7+ 49. Kxd2 Rh1 50. Kxe2 1-0

[Event "*** Titled Tuesday Blitz"]
[Site "Chess.com"]
[Date "2021.03.09"]
[Round "2"]
[White "LawrenceTrent"]
[Black "sergiochess83"]
[Result "0-1"]
[WhiteElo "2557"]
[BlackElo "2905"]
[TimeControl "180+1"]
[EndTime "10:18:13 PST"]
[Termination "sergiochess83 won by checkmate"]

1. d4 Nf6 2. Bg5 d5 3. Nd2 e6 4. e4 h6 5. Bxf6 Qxf6 6. e5 Qd8 7. Ngf3 c5 8. dxc5 Bxc5 9. Bd3 O-O 10. O-O Nc6 11. c3 Bd7 12. Nb3 Bb6 13. Qe2 f5 14.
exf6 Qxf6 15. Rae1 Rae8 16. c4 g5 17. h3 a5 18. a4 Nb4 19. Bb1 Bxa4 20. Nbd2 Bc7 21. b3 Bc6 22. Qe3 Qf4 23. g3 Qxe3 24. Rxe3 dxc4 25. bxc4 Bb6 26. Rc3 Rd8 27. Ne4 Kg7 28. c5 Bc7 29. h4 gxh4 30. Nxh4 Rd4 31. Re1 Rfd8 32. Ng2 Rd1 33. Rc1 Rxc1 34. Rxc1 Nd3 35. Rc4 Ne5 36. Rc3 Rd1+ 37. Kh2 Bxe4 38. Nf4 Rh1# 0-1

[Event "*** Titled Tuesday Blitz"]
[Site "Chess.com"]
[Date "2021.03.09"]
[Round "2"]
[White "Love_craft"]
[Black "BilodeauA"]
[Result "0-1"]
[WhiteElo "2555"]
[BlackElo "2904"]
[TimeControl "180+1"]
[EndTime "10:18:13 PST"]
[Termination "BilodeauA won on time"]

1. d4 d5 2. c4 dxc4 3. Nf3 a6 4.
e3 Bg4 5. Bxc4 e6 6. h3 Bh5 7. O-O Nf6 8. Nbd2 Nc6 9. a3 Bd6 10. Qc2 O-O 11. b4 e5 12. Bb2 Qe7 13. d5 Nb8 14.
Ng5 h6 15. Nge4 Nxe4 16. Nxe4 Nd7 17. Ng3 Bg6 18. Bd3 Bxd3 19. Qxd3 Rae8 20. e4 g6 21. Qe3 Kh7 22. Bc1 Qh4 23. Qd3 Nf6 24. Bd2 Nh5 25.
Nxh5 Qxh5 26. g4 Qh4 27. Qg3 Qf6 28. a4 Qg7 29. b5 f5 30. gxf5 gxf5 31. Qxg7+ Kxg7 32. f3 Kf6 33. Be3 Rg8+ 34. Kf2 f4 35. Bd2 Bc5+ 36.
Ke1 Rg2 37. Rc1 b6 0-1

[Event "*** Titled Tuesday Blitz"]
[Site "Chess.com"]
[Date "2021.03.09"]
[Round "2"]
[White "hellokostya"]
[Black "GM_Crest"]
[Result "1/2-1/2"]
[WhiteElo "2531"]
[BlackElo "2786"]
[TimeControl "180+1"]
[EndTime "10:18:15 PST"]
[Termination "Game drawn by repetition"]

1. d4 d5 2. c4 dxc4 3. e4 Nf6 4.
e5 Nd5 5. Bxc4 Nb6 6. Bb3 Nc6 7.
Be3 Bf5 8. Nc3 e6 9. Nge2 Be7 10. O-O O-O 11. Ng3 Bg6 12. f4 Qd7 13. d5 exd5 14.
Bxb6 axb6 15. f5 Nxe5 16. fxg6 c6 17. gxf7+ Rxf7 18. Rxf7 Nxf7 19. Qh5 g6 20. Qe2 Re8 21. Kh1 Bd6 22. Qf2 Ne5 23. Re1 Ng4 24. Rxe8+ Qxe8 25. Qe2 Qxe2 26. Ncxe2 Nf2+ 27. Kg1 Nd3 28. Nc3 Nxb2 29. Nxd5 cxd5 30. Bxd5+ Kg7 31. Bxb7 Nd3 32. Ne4 Be5 33.
h3 Nb4 34. a4 Nd3 35. Kf1 Kf8 36. Ke2 Nf4+ 37. Kf3 Ke7 38. h4 Ne6 39. Bd5 h6 40. g4 Nf4 41. Bc4 Ne6 42. Bd5 Nf4 43. Bc4 Ne6 44. Bd5 1/2-1/2

[Event "*** Titled Tuesday Blitz"]
[Site "Chess.com"]
[Date "2021.03.09"]
[Round "2"]
[White "JimmmyZhang"]
[Black "vovachesss"]
[Result "1-0"]
[WhiteElo "2422"]
[BlackElo "2698"]
[TimeControl "180+1"]
[EndTime "10:18:15 PST"]
[Termination "JimmmyZhang won by checkmate"]

1. d4 Nf6 2. Nc3 e5 3. dxe5 Ng4 4. Nf3 Nc6 5. Bf4 Bb4 6. h3 Nh6 7. e4 Qe7 8. Qd2 b6 9. a3 Bxc3 10. Qxc3 Bb7 11. e6 fxe6 12. Bxh6 O-O 13. Bd2 d5 14. Qe3 dxe4 15. Qxe4 Na5 16. Qg4 e5 17. O-O-O e4 18. Nd4 Rxf2 19. Be1 Rff8 20. Bh4 Qc5 21. Ne6 Qe3+ 22.
Kb1 Rf7 23. Ng5 Rf6 24. Nxh7 Rh6 25. Bg5 Bc8 26. Rd8+ Kxh7 27. Rxc8 Qe1+ 28. Ka2 Rxc8 29. Qxc8 Rg6 30. Bc4 Rxg5 31. Rxe1 Nxc4 32. Rxe4 Nd6 33. Rh4+ Kg6 34. Qe6# 1-0